WCHLSIM.com - West Coast Hockey League
html PUBLIC "-//W3C//DTD XHTML 1.0 Transitional//EN" "http://www.w3.org/TR/xhtml1/DTD/xhtml1-transitional.dtd"> WCHL - Game 59 - KANSAS CITY KILLERBEES vs VANCOUVER VOODOO

KANSAS CITY KILLERBEES vs VANCOUVER VOODOO

Created - 21 octobre 2022 at 00:29

Goals
1 2 3 T
KANSAS CITY KILLERBEES 0 0 2 2
VANCOUVER VOODOO 2 1 1 4
Shots
1 2 3 T
KANSAS CITY KILLERBEES 10 10 9 29
VANCOUVER VOODOO 13 8 7 28

1st period

1. VANCOUVER VOODOO , Josh Anderson 1 (Brendan Gallagher 1, Cole Sillinger 2) at 0:56
2. VANCOUVER VOODOO , Josh Bailey 2 (Marcus Johansson 1) at 4:21

Penalties :
MacKenzie Entwistle (KCK) for Goalie Interference (Minor) at 10:45, Jakub Zboril (KCK) for Hooking (Minor) at 13:11

2nd period

3. VANCOUVER VOODOO , Mike Reilly 1 (Josh Bailey 3, Radek Faksa 1) at 3:48

Penalties :
Brett Kulak (VAN) for Tripping (Minor) at 3:08, Ryan Dzingel (KCK) for Slashing (Minor) at 3:42, Josh Bailey (VAN) for Tripping (Minor) at 7:32, Cam Fowler (KCK) for Elbowing (Minor) at 16:13

3rd period

4. KANSAS CITY KILLERBEES , Mason Marchment 2 (Yegor Sharangovich 2) at 0:26
5. VANCOUVER VOODOO , Brendan Gallagher 2 (Matthew Grzelcyk 1, Cole Sillinger 3) at 0:37
6. KANSAS CITY KILLERBEES , Jake Lucchini 1 (Cam Fowler 1, Michael Chaput 1) at 12:17

Penalties :
Zach Aston-Reese (KCK) for Roughing (Minor) at 16:58

Goalie Stats

Casey DeSmith (KCK), 6 saves from 6 shots - (1,000), 19:23 minutes
Ilya Samsonov (KCK), 18 saves from 22 shots - (0,818), L, 0-5-0, 40:37 minutes
Samuel Montembeault (VAN), 27 saves from 29 shots - (0,931), W, 1-0-0, 60:00 minutes

Players Stats for KANSAS CITY KILLERBEES

Player Name              G  A  P  +/- PIM S  H  SB GA TA FO     MP     PP MP  PK MP  
------------------------------------------------------------------------------------
Alexis Lafreniere        0  0  0  -3  0   2  0  0  0  0  5/23   18:04   1:24   1:07 
Anders Bjork             0  0  0   0  0   3  0  0  0  0  0/1    10:54   0:00   0:07 
Buddy Robinson           0  0  0   1  0   0  0  0  0  0  5/8     6:10   0:00   0:00 
Cam Fowler               0  1  1  -1  2   1  2  1  0  0  0/0    27:55   1:39   2:47 
Jacob Muzzin             0  0  0   0  0   2  3  1  0  0  0/0    27:42   1:39   3:27 
Jake Lucchini            1  0  1   1  0   1  0  0  0  0  0/1     6:10   0:00   0:00 
Jakub Zboril             0  0  0   0  2   0  1  1  0  0  0/0    16:04   0:00   1:02 
James van Riemsdyk       0  0  0   1  0   2  0  0  0  0  2/10   20:34   1:24   3:33 
K'Andre Miller           0  0  0  -3  0   0  2  1  0  0  0/0    23:18   0:54   4:47 
Keith Yandle             0  0  0  -1  0   0  0  0  0  0  0/0    11:25   0:54   0:33 
MacKenzie Entwistle      0  0  0   0  2   0  3  0  0  0  0/1    10:46   0:00   0:00 
Mason Marchment          1  0  1   0  0   6  4  0  0  0  2/9    21:51   1:09   4:50 
Michael Chaput           0  1  1   1  0   0  0  0  0  0  0/0     6:10   0:00   0:00 
Ryan Dzingel             0  0  0   0  2   1  0  0  0  0  5/12   15:45   1:08   3:50 
Tyler Johnson            0  0  0  -4  0   2  0  0  0  0  0/2    16:23   0:00   0:00 
Will Butcher             0  0  0   1  0   0  0  2  0  0  0/0    13:34   0:00   4:24 
Yegor Sharangovich       0  1  1   1  0   4  0  0  0  0  4/20   20:19   1:09   3:33 
Zach Aston-Reese         0  0  0  -3  2   5  4  0  0  0  0/2    16:56   1:24   0:00 

Players Stats for VANCOUVER VOODOO

Player Name              G  A  P  +/- PIM S  H  SB GA TA FO     MP     PP MP  PK MP  
------------------------------------------------------------------------------------
Anthony Beauvillier      0  0  0   0  0   2  1  0  0  0  2/3    19:40   3:43   0:41 
Braden Schneider         0  0  0  -1  0   0  1  1  0  0  0/0    15:50   0:52   0:00 
Brendan Gallagher        1  1  2   2  0   4  0  0  0  0  1/1    15:12   0:00   0:00 
Brendan Lemieux          0  0  0  -1  0   2  2  0  0  0  1/2    11:45   0:00   0:15 
Brett Kulak              0  0  0   1  2   0  1  2  0  0  0/0    21:09   4:34   0:46 
Cole Sillinger           0  2  2   2  0   1  2  0  0  0  16/23  19:30   3:43   0:00 
Denis Gurianov           0  0  0   0  0   0  0  0  0  0  0/1     9:17   3:43   0:00 
Dominik Kubalik          0  0  0   0  0   3  2  0  0  0  0/0    10:21   4:47   0:00 
Josh Anderson            1  0  1   2  0   4  0  0  0  0  1/2    15:47   0:00   0:00 
Josh Bailey              1  1  2   1  2   4  0  0  0  0  0/0    20:52   4:47   0:00 
Logan Stanley            0  0  0   1  0   1  1  0  0  0  0/0    18:49   0:00   1:13 
Marcus Johansson         0  1  1   0  0   3  0  0  0  0  22/30  20:45   4:47   0:42 
Matthew Grzelcyk         0  1  1   1  0   1  0  1  0  0  0/0    21:54   3:04   1:22 
Mike Reilly              1  0  1   0  0   1  0  1  0  0  0/0    21:55   5:26   0:58 
Noel Acciari             0  0  0  -1  0   0  0  0  0  0  14/16  12:52   0:00   1:22 
Patric Hornqvist         0  0  0  -1  0   2  0  0  0  0  0/0    12:52   0:00   1:22 
Radek Faksa              0  1  1   1  0   0  1  0  0  0  9/11    7:08   0:00   0:44 
Sebastien Aho            0  0  0   2  0   0  0  2  0  0  0/0    20:22   3:04   0:47 

3 Stars

1 - Brendan Gallagher (VAN)
2 - Cole Sillinger (VAN)
3 - Josh Anderson (VAN)

Power Play

KANSAS CITY KILLERBEES - 0 on 2 Attempt(s) - 0,00%
VANCOUVER VOODOO - 0 on 5 Attempt(s) - 0,00%

Penalty Kill

KANSAS CITY KILLERBEES - 5 on 5 Attempt(s) - 100,00% - Score 0 goal in Penalty Kill
VANCOUVER VOODOO - 2 on 2 Attempt(s) - 100,00% - Score 0 goal in Penalty Kill

Team Stat

KANSAS CITY KILLERBEES - Hits : 19 - Faceoff Wins : 23 - Blocked Shots : 6 - Penalty Minutes : 10
VANCOUVER VOODOO - Hits : 11 - Faceoff Wins : 66 - Blocked Shots : 7 - Penalty Minutes : 4

Official

Referees : Chris Schlenker and Tom Chmielewski
Linesman : Steven Berry and Andrew Smith

Game Notes

Casey DeSmith enters game at 0:37 of 3rd period

Finance

Level 1 -- Attendance: 6862 (95,31%) -- Ticket Income 994 990 $
Level 2 -- Attendance: 5500 (100,00%) -- Ticket Income 550 000 $
Level 3 -- Attendance: 2971 (99,03%) -- Ticket Income 202 028 $
Level 4 -- Attendance: 5193 (86,55%) -- Ticket Income 249 264 $
Luxury Box -- Attendance: 886 (88,60%) -- Ticket Income 265 800 $
Total Attendance: 21412 (94,33%)
Total Ticket Income: 2 262 082 $
Other Expense: 22 621 $
Total Income: 2 239 461 $

KANSAS CITY KILLERBEES

5 vs 5 Forward 
   Center                   Left Wing                Right Wing               Time % Phy DF OF 
 1 Yegor Sharangovich       James van Riemsdyk       Mason Marchment          36     1   2  2  
 2 Alexis Lafreniere        Zach Aston-Reese         Tyler Johnson            31     1   2  2  
 3 Ryan Dzingel             Anders Bjork             MacKenzie Entwistle      23     1   2  2  
 4 Buddy Robinson           Michael Chaput           Jake Lucchini            10     1   2  2  

5 vs 5 Defense 
   Defense                  Defense                                           Time % Phy DF OF 
 1 Jakub Zboril             Jacob Muzzin                                      36     1   2  2  
 2 K'Andre Miller           Cam Fowler                                        31     1   2  2  
 3 Jacob Muzzin             Keith Yandle                                      23     1   2  2  
 4 Will Butcher             Cam Fowler                                        10     1   2  2  

PowerPlay Forward 
   Center                   Left Wing                Right Wing               Time % Phy DF OF 
 1 Ryan Dzingel             Yegor Sharangovich       Mason Marchment          55     1   2  2  
 2 James van Riemsdyk       Alexis Lafreniere        Zach Aston-Reese         45     1   2  2  

PowerPlay Defense
   Defense                  Defense                                           Time % Phy DF OF 
 1 Cam Fowler               Jacob Muzzin                                      55     1   2  2  
 2 K'Andre Miller           Keith Yandle                                      45     1   2  2  

Penalty Kill 4 Players Forward 
   Center                   Wing                     Time % Phy DF OF 
 1 Mason Marchment          Ryan Dzingel             55     1   2  2  
 2 James van Riemsdyk       Yegor Sharangovich       45     1   2  2  

Penalty Kill 4 Players Defense
   Defense                  Defense                  Time % Phy DF OF 
 1 Cam Fowler               Jacob Muzzin             55     1   2  2  
 2 K'Andre Miller           Will Butcher             45     1   2  2  

Penalty Kill - 3 Players Forward 
   Forward                                           Time % Phy DF OF 
 1 Ryan Dzingel                                      55     1   2  2  
 2 Mason Marchment                                   45     1   2  2  

Penalty Kill - 3 Players Defense
   Defense                  Defense                  Time % Phy DF OF 
 1 Cam Fowler               Jacob Muzzin             55     1   2  2  
 2 K'Andre Miller           Will Butcher             45     1   2  2  

4 vs 4 Forward 
   Center                   Wing                     Time % Phy DF OF 
 1 Mason Marchment          Ryan Dzingel             55     1   2  2  
 2 Yegor Sharangovich       James van Riemsdyk       45     1   2  2  

4 vs 4 Defense
   Defense                  Defense                  Time % Phy DF OF 
 1 Cam Fowler               Jacob Muzzin             55     1   2  2  
 2 K'Andre Miller           Keith Yandle             45     1   2  2  

Last Minutes Offensive
   Center                   Left Wing                Right Wing               Defense                  Defense                  
   Yegor Sharangovich       James van Riemsdyk       Mason Marchment          K'Andre Miller           Jacob Muzzin             

Last Minutes Defensive
   Center                   Left Wing                Right Wing               Defense                  Defense                  
   Yegor Sharangovich       James van Riemsdyk       Mason Marchment          K'Andre Miller           Jacob Muzzin             

Goaltenders
Starting : Ilya Samsonov            
Backup : Casey DeSmith            

Extra Forwards
Normal : Ryan Dzingel, Mason Marchment, Tyler Johnson - PP : Ryan Dzingel, Mason Marchment - PK : Ryan Dzingel
Extra Defensemen
Normal : Cam Fowler, Jacob Muzzin, K'Andre Miller - PP : Jacob Muzzin - PK : Jacob Muzzin, K'Andre Miller
Penalty Shots
Tyler Johnson, Michael Chaput, Anders Bjork, Ryan Dzingel, Mason Marchment
Custom OT Lines Forwards
Tyler Johnson, Anders Bjork, Buddy Robinson, Mason Marchment, MacKenzie Entwistle, Ryan Dzingel, Jake Lucchini, James van Riemsdyk, Yegor Sharangovich, Michael Chaput
Custom OT Lines Defensemen
Cam Fowler, Jacob Muzzin, K'Andre Miller, Keith Yandle, Will Butcher

Scratches
Colin Miller (Right Hand Injury), Cody McLeod (Healthy), Jeff Kubiak (Healthy), Brett Connolly (Healthy)

VANCOUVER VOODOO

5 vs 5 Forward 
   Center                   Left Wing                Right Wing               Time % Phy DF OF 
 1 Marcus Johansson         Anthony Beauvillier      Josh Bailey              33     2   1  2  
 2 Cole Sillinger           Josh Anderson            Brendan Gallagher        32     2   2  1  
 3 Noel Acciari             Brendan Lemieux          Patric Hornqvist         22     3   1  1  
 4 Radek Faksa              Dominik Kubalik          Denis Gurianov           13     3   1  1  

5 vs 5 Defense 
   Defense                  Defense                                           Time % Phy DF OF 
 1 Matthew Grzelcyk         Logan Stanley                                     36     1   3  1  
 2 Brett Kulak              Sebastien Aho                                     34     2   1  2  
 3 Mike Reilly              Braden Schneider                                  30     1   3  1  
 4 Matthew Grzelcyk         Mike Reilly                                       0      1   2  2  

PowerPlay Forward 
   Center                   Left Wing                Right Wing               Time % Phy DF OF 
 1 Marcus Johansson         Dominik Kubalik          Josh Bailey              55     1   0  4  
 2 Cole Sillinger           Anthony Beauvillier      Denis Gurianov           45     1   2  2  

PowerPlay Defense
   Defense                  Defense                                           Time % Phy DF OF 
 1 Matthew Grzelcyk         Sebastien Aho                                     50     1   2  2  
 2 Brett Kulak              Mike Reilly                                       50     1   1  3  

Penalty Kill 4 Players Forward 
   Center                   Wing                     Time % Phy DF OF 
 1 Noel Acciari             Patric Hornqvist         55     1   4  0  
 2 Radek Faksa              Brendan Lemieux          45     3   2  0  

Penalty Kill 4 Players Defense
   Defense                  Defense                  Time % Phy DF OF 
 1 Logan Stanley            Matthew Grzelcyk         50     1   4  0  
 2 Mike Reilly              Brett Kulak              50     2   2  1  

Penalty Kill - 3 Players Forward 
   Forward                                           Time % Phy DF OF 
 1 Noel Acciari                                      55     3   2  0  
 2 Brendan Lemieux                                   45     1   1  3  

Penalty Kill - 3 Players Defense
   Defense                  Defense                  Time % Phy DF OF 
 1 Brett Kulak              Logan Stanley            55     1   3  1  
 2 Matthew Grzelcyk         Braden Schneider         45     1   3  1  

4 vs 4 Forward 
   Center                   Wing                     Time % Phy DF OF 
 1 Radek Faksa              Josh Bailey              55     0   2  3  
 2 Cole Sillinger           Josh Anderson            45     2   2  1  

4 vs 4 Defense
   Defense                  Defense                  Time % Phy DF OF 
 1 Sebastien Aho            Mike Reilly              50     1   3  1  
 2 Braden Schneider         Logan Stanley            50     2   2  1  

Last Minutes Offensive
   Center                   Left Wing                Right Wing               Defense                  Defense                  
   Cole Sillinger           Josh Anderson            Josh Bailey              Matthew Grzelcyk         Sebastien Aho            

Last Minutes Defensive
   Center                   Left Wing                Right Wing               Defense                  Defense                  
   Noel Acciari             Brendan Lemieux          Patric Hornqvist         Matthew Grzelcyk         Logan Stanley            

Goaltenders
Starting : Samuel Montembeault      
Backup : Jake Allen               

Extra Forwards
Normal : Brendan Lemieux, Cole Sillinger, Anthony Beauvillier - PP : Josh Anderson, Marcus Johansson - PK : Josh Bailey
Extra Defensemen
Normal : Braden Schneider, Brett Kulak, Matthew Grzelcyk - PP : Mike Reilly - PK : Sebastien Aho, Mike Reilly
Penalty Shots
Josh Bailey, Josh Anderson, Anthony Beauvillier, Dominik Kubalik, Marcus Johansson
Custom OT Lines Forwards
Josh Bailey, Marcus Johansson, Patric Hornqvist, Josh Anderson, Anthony Beauvillier, Dominik Kubalik, Denis Gurianov, Brendan Lemieux, Cole Sillinger, Brendan Gallagher
Custom OT Lines Defensemen
Logan Stanley, Matthew Grzelcyk, Sebastien Aho, Mike Reilly, Brett Kulak

Scratches
Adam Gaudette (Healthy), Jack Ahcan (Healthy)

% Time on Ice - KANSAS CITY KILLERBEES

Lines # - Real PCT - Wanted PCT - Time Play
Normal Forward
1 - 32% - 36% - 15:02
2 - 33% - 31% - 15:33
3 - 23% - 23% - 10:47
4 - 13% - 10% - 6:10
Normal Defense
1 - 32% - 36% - 15:03
2 - 32% - 31% - 15:15
3 - 18% - 23% - 8:47
4 - 18% - 10% - 8:27
PP Forward
1 - 45% - 55% - 1:09
2 - 55% - 45% - 1:24
PP Defense
1 - 65% - 55% - 1:39
2 - 35% - 45% - 0:54
PK Forward
1 - 58% - 55% - 4:57
2 - 42% - 45% - 3:33
PK Defense
1 - 48% - 55% - 4:06
2 - 52% - 45% - 4:24
PK3 Forward
1 - 0% - 55%
2 - 0% - 45%
PK3 Defense
1 - 0% - 55%
2 - 0% - 45%
44 Forward
1 - 59% - 55% - 0:50
2 - 41% - 45% - 0:35
44 Defense
1 - 41% - 55% - 0:35
2 - 59% - 45% - 0:50
Last Minute Offensive  - 0:00
Last Minute Defensive  - 0:00
Total
Forward - 60:00
Defense - 60:00

% Time on Ice - VANCOUVER VOODOO

Lines # - Real PCT - Wanted PCT - Time Play
Normal Forward
1 - 32% - 33% - 15:16
2 - 32% - 32% - 15:12
3 - 24% - 22% - 11:30
4 - 12% - 13% - 5:34
Normal Defense
1 - 35% - 36% - 16:52
2 - 33% - 34% - 15:50
3 - 29% - 30% - 13:55
4 - 2% - 0% - 0:55
PP Forward
1 - 56% - 55% - 4:47
2 - 44% - 45% - 3:43
PP Defense
1 - 36% - 50% - 3:04
2 - 64% - 50% - 5:26
PK Forward
1 - 71% - 55% - 1:49
2 - 29% - 45% - 0:44
PK Defense
1 - 54% - 50% - 1:22
2 - 46% - 50% - 1:11
PK3 Forward
1 - 0% - 55%
2 - 0% - 45%
PK3 Defense
1 - 0% - 55%
2 - 0% - 45%
44 Forward
1 - 59% - 55% - 0:50
2 - 41% - 45% - 0:35
44 Defense
1 - 48% - 50% - 0:41
2 - 52% - 50% - 0:44
Last Minute Offensive  - 0:00
Last Minute Defensive  - 0:00
Total
Forward - 60:00
Defense - 60:00

Play-by-Play

1st period


0:01 of 1st period - Marcus Johansson wins face-off versus Yegor Sharangovich in neutral zone.
0:24 of 1st period - Shot by Mason Marchment.
0:24 of 1st period - Shot Misses the Net.
0:26 of 1st period - Shot by Mason Marchment.
0:26 of 1st period - Stopped by Samuel Montembeault without a rebound.
0:27 of 1st period - Cole Sillinger wins face-off versus Alexis Lafreniere in VANCOUVER VOODOO zone.
0:52 of 1st period - Shot by Cole Sillinger.
0:52 of 1st period - Shot Misses the Net.
0:56 of 1st period - Shot by Josh Anderson.
0:56 of 1st period - Goal by Josh Anderson - KANSAS CITY KILLERBEES : 0 - VANCOUVER VOODOO : 1.
0:57 of 1st period - Noel Acciari wins face-off versus Ryan Dzingel in neutral zone.
1:24 of 1st period - Shot by Noel Acciari.
1:24 of 1st period - Shot Misses the Net.
1:26 of 1st period - Shot by Brendan Lemieux.
1:26 of 1st period - Shot Blocked by Jacob Muzzin.
1:28 of 1st period - Shot by Noel Acciari.
1:28 of 1st period - Shot Hit the Post.
1:30 of 1st period - Shot by Patric Hornqvist.
1:30 of 1st period - Stopped by Ilya Samsonov without a rebound.
1:31 of 1st period - Buddy Robinson wins face-off versus Radek Faksa in KANSAS CITY KILLERBEES zone.
2:50 of 1st period - Shot by James van Riemsdyk.
2:50 of 1st period - Shot Misses the Net.
2:56 of 1st period - Shot by Mason Marchment.
2:56 of 1st period - Shot Blocked by Sebastien Aho.
3:03 of 1st period - Icing by Sebastien Aho.
3:04 of 1st period - Alexis Lafreniere wins face-off versus Marcus Johansson in VANCOUVER VOODOO zone.
3:13 of 1st period - Shot by Zach Aston-Reese.
3:13 of 1st period - Stopped by Samuel Montembeault without a rebound.
3:14 of 1st period - Cole Sillinger wins face-off versus Ryan Dzingel in VANCOUVER VOODOO zone.
4:09 of 1st period - Off-side.
4:10 of 1st period - Noel Acciari wins face-off versus Alexis Lafreniere in neutral zone.
4:19 of 1st period - Icing by Jacob Muzzin.
4:20 of 1st period - Marcus Johansson wins face-off versus Alexis Lafreniere in KANSAS CITY KILLERBEES zone.
4:21 of 1st period - Shot by Josh Bailey.
4:21 of 1st period - Goal by Josh Bailey - KANSAS CITY KILLERBEES : 0 - VANCOUVER VOODOO : 2.
4:22 of 1st period - Noel Acciari wins face-off versus Yegor Sharangovich in neutral zone.
5:16 of 1st period - Shot by Josh Bailey.
5:16 of 1st period - Shot Misses the Net.
5:25 of 1st period - Off-side.
5:26 of 1st period - Cole Sillinger wins face-off versus Alexis Lafreniere in neutral zone.
5:43 of 1st period - Icing by Mike Reilly.
5:44 of 1st period - Cole Sillinger wins face-off versus Ryan Dzingel in VANCOUVER VOODOO zone.
5:44 of 1st period - Cole Sillinger is hit by MacKenzie Entwistle.
6:18 of 1st period - Shot by Ryan Dzingel.
6:18 of 1st period - Shot Misses the Net.
6:20 of 1st period - Shot by Anders Bjork.
6:20 of 1st period - Stopped by Samuel Montembeault without a rebound.
6:21 of 1st period - Marcus Johansson wins face-off versus Alexis Lafreniere in VANCOUVER VOODOO zone.
6:29 of 1st period - Off-side.
6:30 of 1st period - Alexis Lafreniere wins face-off versus Marcus Johansson in neutral zone.
6:37 of 1st period - Shot by Alexis Lafreniere.
6:37 of 1st period - Shot Blocked by Matthew Grzelcyk.
6:47 of 1st period - Shot by Marcus Johansson.
6:47 of 1st period - Stopped by Ilya Samsonov without a rebound.
6:48 of 1st period - Noel Acciari wins face-off versus Yegor Sharangovich in KANSAS CITY KILLERBEES zone.
7:18 of 1st period - Shot by Patric Hornqvist.
7:18 of 1st period - Shot Misses the Net.
7:20 of 1st period - Shot by Brendan Lemieux.
7:20 of 1st period - Stopped by Ilya Samsonov without a rebound.
7:21 of 1st period - Marcus Johansson wins face-off versus Alexis Lafreniere in KANSAS CITY KILLERBEES zone.
7:32 of 1st period - Shot by Alexis Lafreniere.
7:32 of 1st period - Stopped by Samuel Montembeault without a rebound.
7:33 of 1st period - Buddy Robinson wins face-off versus Radek Faksa in VANCOUVER VOODOO zone.
8:37 of 1st period - Shot by Zach Aston-Reese.
8:37 of 1st period - Stopped by Samuel Montembeault without a rebound.
8:38 of 1st period - Yegor Sharangovich wins face-off versus Cole Sillinger in VANCOUVER VOODOO zone.
8:43 of 1st period - Shot by Yegor Sharangovich.
8:43 of 1st period - Deflect By James van Riemsdyk.
8:43 of 1st period - Shot Misses the Net.
8:45 of 1st period - Shot by Will Butcher.
8:45 of 1st period - Shot Misses the Net.
8:59 of 1st period - Shot by Yegor Sharangovich.
8:59 of 1st period - Shot Blocked by Brett Kulak.
9:01 of 1st period - Shot by Mason Marchment.
9:01 of 1st period - Stopped by Samuel Montembeault with a rebound.
9:03 of 1st period - Shot by Yegor Sharangovich.
9:03 of 1st period - Stopped by Samuel Montembeault with a rebound.
9:05 of 1st period - Shot by Mason Marchment.
9:05 of 1st period - Shot Blocked by Sebastien Aho.
9:07 of 1st period - Shot by Yegor Sharangovich.
9:07 of 1st period - Shot Misses the Net.
10:12 of 1st period - Icing by Cam Fowler.
10:13 of 1st period - Marcus Johansson wins face-off versus MacKenzie Entwistle in KANSAS CITY KILLERBEES zone.
10:14 of 1st period - Shot by Josh Bailey.
10:14 of 1st period - Stopped by Ilya Samsonov with a rebound.
10:34 of 1st period - Icing by Cam Fowler.
10:35 of 1st period - Noel Acciari wins face-off versus Ryan Dzingel in KANSAS CITY KILLERBEES zone.
10:45 of 1st period - Minor Penalty to MacKenzie Entwistle for Goalie Interference.
10:46 of 1st period - Marcus Johansson wins face-off versus Mason Marchment in KANSAS CITY KILLERBEES zone.
11:17 of 1st period - Shot by Dominik Kubalik.
11:17 of 1st period - Shot Misses the Net.
12:11 of 1st period - Shot by Mason Marchment.
12:11 of 1st period - Stopped by Samuel Montembeault without a rebound.
12:12 of 1st period - Marcus Johansson wins face-off versus James van Riemsdyk in VANCOUVER VOODOO zone.
12:17 of 1st period - Shot by Dominik Kubalik.
12:17 of 1st period - Stopped by Ilya Samsonov without a rebound.
12:18 of 1st period - Marcus Johansson wins face-off versus Mason Marchment in KANSAS CITY KILLERBEES zone.
12:58 of 1st period - Patric Hornqvist is hit by Jacob Muzzin and loses puck.
13:06 of 1st period - Noel Acciari is hit by Jacob Muzzin and loses puck.
13:11 of 1st period - Shot by Patric Hornqvist.
13:11 of 1st period - Stopped by Ilya Samsonov without a rebound.
13:11 of 1st period - Minor Penalty to Jakub Zboril for Hooking.
13:12 of 1st period - James van Riemsdyk wins face-off versus Cole Sillinger in KANSAS CITY KILLERBEES zone.
14:16 of 1st period - Shot by Dominik Kubalik.
14:16 of 1st period - Stopped by Ilya Samsonov without a rebound.
14:17 of 1st period - Cole Sillinger wins face-off versus James van Riemsdyk in KANSAS CITY KILLERBEES zone.
14:22 of 1st period - Shot by Anthony Beauvillier.
14:22 of 1st period - Shot Blocked by Will Butcher.
14:24 of 1st period - Shot by Anthony Beauvillier.
14:24 of 1st period - Stopped by Ilya Samsonov without a rebound.
14:25 of 1st period - Marcus Johansson wins face-off versus Mason Marchment in KANSAS CITY KILLERBEES zone.
14:42 of 1st period - Yegor Sharangovich is hit by Dominik Kubalik and loses puck.
14:47 of 1st period - Shot by Dominik Kubalik.
14:47 of 1st period - Stopped by Ilya Samsonov without a rebound.
14:48 of 1st period - Mason Marchment wins face-off versus Anthony Beauvillier in KANSAS CITY KILLERBEES zone.
15:01 of 1st period - Mason Marchment is hit by Cole Sillinger and loses puck.
16:08 of 1st period - Icing by Brett Kulak.
16:09 of 1st period - Marcus Johansson wins face-off versus Jake Lucchini in VANCOUVER VOODOO zone.
16:11 of 1st period - Icing by Anthony Beauvillier.
16:12 of 1st period - Anthony Beauvillier wins face-off versus Yegor Sharangovich in VANCOUVER VOODOO zone.
16:12 of 1st period - Anthony Beauvillier is hit by Mason Marchment.
17:26 of 1st period - Shot by Josh Anderson.
17:26 of 1st period - Shot Blocked by Will Butcher.
17:28 of 1st period - Shot by Josh Anderson.
17:28 of 1st period - Shot Misses the Net.
17:30 of 1st period - Shot by Mike Reilly.
17:30 of 1st period - Deflect By Josh Anderson.
17:30 of 1st period - Stopped by Ilya Samsonov without a rebound.
17:31 of 1st period - Radek Faksa wins face-off versus Alexis Lafreniere in KANSAS CITY KILLERBEES zone.
17:40 of 1st period - Shot by Tyler Johnson.
17:40 of 1st period - Shot Misses the Net.
17:42 of 1st period - Shot by Jacob Muzzin.
17:42 of 1st period - Shot Misses the Net.
17:44 of 1st period - Shot by Zach Aston-Reese.
17:44 of 1st period - Stopped by Samuel Montembeault without a rebound.
17:45 of 1st period - Noel Acciari wins face-off versus Buddy Robinson in VANCOUVER VOODOO zone.
18:10 of 1st period - Icing by Brendan Lemieux.
18:11 of 1st period - Noel Acciari wins face-off versus Yegor Sharangovich in VANCOUVER VOODOO zone.
18:11 of 1st period - Noel Acciari is hit by Mason Marchment.
18:50 of 1st period - Shot by Yegor Sharangovich.
18:50 of 1st period - Deflect By Mason Marchment.
18:50 of 1st period - Stopped by Samuel Montembeault without a rebound.
18:51 of 1st period - Marcus Johansson wins face-off versus Alexis Lafreniere in VANCOUVER VOODOO zone.
18:51 of 1st period - Marcus Johansson is hit by Zach Aston-Reese.
18:57 of 1st period - Shot by Josh Bailey.
18:57 of 1st period - Stopped by Ilya Samsonov with a rebound.
Goals for this period are 0 for KANSAS CITY KILLERBEES vs 2 for VANCOUVER VOODOO.
Shots for this period are 10 for KANSAS CITY KILLERBEES vs 13 for VANCOUVER VOODOO.

2nd period


0:01 of 2nd period - Marcus Johansson wins face-off versus Yegor Sharangovich in neutral zone.
0:11 of 2nd period - Shot by Mason Marchment.
0:11 of 2nd period - Shot Misses the Net.
0:13 of 2nd period - Shot by Yegor Sharangovich.
0:13 of 2nd period - Stopped by Samuel Montembeault without a rebound.
0:14 of 2nd period - Cole Sillinger wins face-off versus Anders Bjork in VANCOUVER VOODOO zone.
0:14 of 2nd period - Cole Sillinger is hit by MacKenzie Entwistle.
0:31 of 2nd period - Brendan Gallagher is hit by Cam Fowler and loses puck.
1:07 of 2nd period - Anthony Beauvillier is hit by K'Andre Miller and loses puck.
1:10 of 2nd period - Shot by Anthony Beauvillier.
1:10 of 2nd period - Stopped by Ilya Samsonov without a rebound.
1:11 of 2nd period - Yegor Sharangovich wins face-off versus Marcus Johansson in KANSAS CITY KILLERBEES zone.
1:22 of 2nd period - Shot by Yegor Sharangovich.
1:22 of 2nd period - Stopped by Samuel Montembeault without a rebound.
1:23 of 2nd period - Radek Faksa wins face-off versus Alexis Lafreniere in VANCOUVER VOODOO zone.
1:29 of 2nd period - Icing by Keith Yandle.
1:30 of 2nd period - Marcus Johansson wins face-off versus Alexis Lafreniere in KANSAS CITY KILLERBEES zone.
2:04 of 2nd period - Shot by Marcus Johansson.
2:04 of 2nd period - Shot Misses the Net.
2:06 of 2nd period - Shot by Matthew Grzelcyk.
2:06 of 2nd period - Stopped by Ilya Samsonov without a rebound.
2:07 of 2nd period - Cole Sillinger wins face-off versus Yegor Sharangovich in KANSAS CITY KILLERBEES zone.
2:08 of 2nd period - Shot by Josh Anderson.
2:08 of 2nd period - Shot Blocked by Cam Fowler.
2:29 of 2nd period - Shot by James van Riemsdyk.
2:29 of 2nd period - Stopped by Samuel Montembeault with a rebound.
2:35 of 2nd period - Shot by Yegor Sharangovich.
2:35 of 2nd period - Shot Hit the Post.
2:37 of 2nd period - Shot by Yegor Sharangovich.
2:37 of 2nd period - Shot Misses the Net.
2:39 of 2nd period - Shot by K'Andre Miller.
2:39 of 2nd period - Shot Blocked by Braden Schneider.
2:41 of 2nd period - Shot by Mason Marchment.
2:41 of 2nd period - Shot Blocked by Mike Reilly.
3:08 of 2nd period - Minor Penalty to Brett Kulak for Tripping.
3:09 of 2nd period - Noel Acciari wins face-off versus James van Riemsdyk in VANCOUVER VOODOO zone.
3:16 of 2nd period - Icing by Cam Fowler.
3:17 of 2nd period - Noel Acciari wins face-off versus James van Riemsdyk in KANSAS CITY KILLERBEES zone.
3:40 of 2nd period - Shot by James van Riemsdyk.
3:40 of 2nd period - Stopped by Samuel Montembeault without a rebound.
3:41 of 2nd period - Radek Faksa wins face-off versus Ryan Dzingel in VANCOUVER VOODOO zone.
3:41 of 2nd period - Radek Faksa is hit by Mason Marchment.
3:42 of 2nd period - Minor Penalty to Ryan Dzingel for Slashing.
3:43 of 2nd period - Radek Faksa wins face-off versus Mason Marchment in KANSAS CITY KILLERBEES zone.
3:46 of 2nd period - Shot by Josh Bailey.
3:46 of 2nd period - Shot Misses the Net.
3:48 of 2nd period - Shot by Mike Reilly.
3:48 of 2nd period - Goal by Mike Reilly - KANSAS CITY KILLERBEES : 0 - VANCOUVER VOODOO : 3.
3:49 of 2nd period - Radek Faksa wins face-off versus Mason Marchment in neutral zone.
4:27 of 2nd period - Shot by K'Andre Miller.
4:27 of 2nd period - Shot Misses the Net.
4:32 of 2nd period - Off-side.
4:33 of 2nd period - Yegor Sharangovich wins face-off versus Cole Sillinger in neutral zone.
5:33 of 2nd period - Shot by Dominik Kubalik.
5:33 of 2nd period - Deflect By Josh Bailey.
5:33 of 2nd period - Shot Misses the Net.
5:35 of 2nd period - Shot by Marcus Johansson.
5:35 of 2nd period - Stopped by Ilya Samsonov with a rebound.
5:43 of 2nd period - Shot by Dominik Kubalik.
5:43 of 2nd period - Shot Misses the Net.
5:51 of 2nd period - Shot by Anders Bjork.
5:51 of 2nd period - Stopped by Samuel Montembeault without a rebound.
5:52 of 2nd period - Noel Acciari wins face-off versus Buddy Robinson in VANCOUVER VOODOO zone.
6:46 of 2nd period - Brendan Lemieux is hit by MacKenzie Entwistle and loses puck.
7:25 of 2nd period - Shot by Tyler Johnson.
7:25 of 2nd period - Stopped by Samuel Montembeault with a rebound.
7:32 of 2nd period - Minor Penalty to Josh Bailey for Tripping.
7:33 of 2nd period - Radek Faksa wins face-off versus James van Riemsdyk in VANCOUVER VOODOO zone.
7:33 of 2nd period - Radek Faksa is hit by Zach Aston-Reese.
8:41 of 2nd period - Shot by Ryan Dzingel.
8:41 of 2nd period - Deflect By Yegor Sharangovich.
8:41 of 2nd period - Stopped by Samuel Montembeault without a rebound.
8:42 of 2nd period - Radek Faksa wins face-off versus Ryan Dzingel in VANCOUVER VOODOO zone.
9:10 of 2nd period - Shot by Patric Hornqvist.
9:10 of 2nd period - Deflect By Noel Acciari.
9:10 of 2nd period - Shot Misses the Net.
10:36 of 2nd period - Zach Aston-Reese is hit by Anthony Beauvillier and loses puck.
11:15 of 2nd period - Shot by Radek Faksa.
11:15 of 2nd period - Shot Blocked by Jakub Zboril.
11:33 of 2nd period - Denis Gurianov is hit by Zach Aston-Reese and loses puck.
13:02 of 2nd period - Shot by Brendan Gallagher.
13:02 of 2nd period - Stopped by Ilya Samsonov without a rebound.
13:03 of 2nd period - Marcus Johansson wins face-off versus Buddy Robinson in KANSAS CITY KILLERBEES zone.
13:28 of 2nd period - Shot by Michael Chaput.
13:28 of 2nd period - Shot Misses the Net.
13:53 of 2nd period - Shot by Mason Marchment.
13:53 of 2nd period - Stopped by Samuel Montembeault with a rebound.
14:19 of 2nd period - Shot by Cole Sillinger.
14:19 of 2nd period - Shot Blocked by K'Andre Miller.
14:21 of 2nd period - Shot by Brendan Gallagher.
14:21 of 2nd period - Shot Misses the Net.
14:29 of 2nd period - Shot by Josh Anderson.
14:29 of 2nd period - Stopped by Ilya Samsonov with a rebound.
14:31 of 2nd period - Shot by Josh Anderson.
14:31 of 2nd period - Deflect By Cole Sillinger.
14:31 of 2nd period - Shot Misses the Net.
14:33 of 2nd period - Shot by Josh Anderson.
14:33 of 2nd period - Stopped by Ilya Samsonov without a rebound.
14:34 of 2nd period - Noel Acciari wins face-off versus Alexis Lafreniere in KANSAS CITY KILLERBEES zone.
14:34 of 2nd period - Brendan Lemieux is hit by Jacob Muzzin and loses puck.
14:38 of 2nd period - Icing by Jacob Muzzin.
14:39 of 2nd period - Alexis Lafreniere wins face-off versus Noel Acciari in KANSAS CITY KILLERBEES zone.
14:57 of 2nd period - Shot by Tyler Johnson.
14:57 of 2nd period - Stopped by Samuel Montembeault without a rebound.
14:58 of 2nd period - Ryan Dzingel wins face-off versus Cole Sillinger in VANCOUVER VOODOO zone.
15:09 of 2nd period - Shot by Ryan Dzingel.
15:09 of 2nd period - Shot Misses the Net.
15:11 of 2nd period - Shot by MacKenzie Entwistle.
15:11 of 2nd period - Shot Blocked by Brett Kulak.
15:40 of 2nd period - Icing by Anders Bjork.
15:41 of 2nd period - Ryan Dzingel wins face-off versus Marcus Johansson in KANSAS CITY KILLERBEES zone.
16:13 of 2nd period - Minor Penalty to Cam Fowler for Elbowing.
16:14 of 2nd period - James van Riemsdyk wins face-off versus Cole Sillinger in KANSAS CITY KILLERBEES zone.
18:28 of 2nd period - Icing by Will Butcher.
18:29 of 2nd period - Buddy Robinson wins face-off versus Noel Acciari in KANSAS CITY KILLERBEES zone.
18:29 of 2nd period - Buddy Robinson is hit by Brendan Lemieux.
19:01 of 2nd period - Cam Fowler is hit by Brendan Lemieux and loses puck.
19:28 of 2nd period - Shot by Zach Aston-Reese.
19:28 of 2nd period - Stopped by Samuel Montembeault without a rebound.
19:29 of 2nd period - Marcus Johansson wins face-off versus Yegor Sharangovich in VANCOUVER VOODOO zone.
19:31 of 2nd period - Icing by Josh Bailey.
19:32 of 2nd period - Marcus Johansson wins face-off versus Yegor Sharangovich in VANCOUVER VOODOO zone.
19:49 of 2nd period - Shot by Marcus Johansson.
19:49 of 2nd period - Stopped by Ilya Samsonov without a rebound.
19:50 of 2nd period - Josh Anderson wins face-off versus Alexis Lafreniere in KANSAS CITY KILLERBEES zone.
19:50 of 2nd period - Josh Anderson is hit by K'Andre Miller.
Goals for this period are 0 for KANSAS CITY KILLERBEES vs 1 for VANCOUVER VOODOO.
Shots for this period are 10 for KANSAS CITY KILLERBEES vs 8 for VANCOUVER VOODOO.

3rd period


0:01 of 3rd period - Anthony Beauvillier wins face-off versus Yegor Sharangovich in neutral zone.
0:26 of 3rd period - Shot by Mason Marchment.
0:26 of 3rd period - Goal by Mason Marchment - KANSAS CITY KILLERBEES : 1 - VANCOUVER VOODOO : 3.
0:27 of 3rd period - Alexis Lafreniere wins face-off versus Josh Anderson in neutral zone.
0:29 of 3rd period - Off-side.
0:30 of 3rd period - Cole Sillinger wins face-off versus Alexis Lafreniere in neutral zone.
0:37 of 3rd period - Shot by Brendan Gallagher.
0:37 of 3rd period - Goal by Brendan Gallagher - KANSAS CITY KILLERBEES : 1 - VANCOUVER VOODOO : 4.
0:37 of 3rd period - Casey DeSmith enters game.
0:38 of 3rd period - Marcus Johansson wins face-off versus Yegor Sharangovich in neutral zone.
0:38 of 3rd period - Marcus Johansson is hit by Mason Marchment.
0:42 of 3rd period - Mason Marchment is hit by Logan Stanley and loses puck.
1:11 of 3rd period - Shot by Mason Marchment.
1:11 of 3rd period - Shot Misses the Net.
1:13 of 3rd period - Shot by Jacob Muzzin.
1:13 of 3rd period - Stopped by Samuel Montembeault without a rebound.
1:14 of 3rd period - Cole Sillinger wins face-off versus Alexis Lafreniere in VANCOUVER VOODOO zone.
1:30 of 3rd period - Shot by Cam Fowler.
1:30 of 3rd period - Stopped by Samuel Montembeault without a rebound.
1:31 of 3rd period - Radek Faksa wins face-off versus Ryan Dzingel in VANCOUVER VOODOO zone.
1:48 of 3rd period - Shot by Anders Bjork.
1:48 of 3rd period - Shot Misses the Net.
1:51 of 3rd period - Icing by Braden Schneider.
1:52 of 3rd period - Radek Faksa wins face-off versus Yegor Sharangovich in VANCOUVER VOODOO zone.
3:34 of 3rd period - Shot by Josh Anderson.
3:34 of 3rd period - Shot Misses the Net.
3:54 of 3rd period - Zach Aston-Reese is hit by Cole Sillinger and loses puck.
4:33 of 3rd period - Shot by Josh Bailey.
4:33 of 3rd period - Shot Misses the Net.
4:35 of 3rd period - Shot by Logan Stanley.
4:35 of 3rd period - Stopped by Casey DeSmith without a rebound.
4:36 of 3rd period - Brendan Lemieux wins face-off versus James van Riemsdyk in KANSAS CITY KILLERBEES zone.
4:57 of 3rd period - Shot by Patric Hornqvist.
4:57 of 3rd period - Shot Misses the Net.
5:30 of 3rd period - Shot by Josh Bailey.
5:30 of 3rd period - Stopped by Casey DeSmith without a rebound.
5:31 of 3rd period - Ryan Dzingel wins face-off versus Denis Gurianov in KANSAS CITY KILLERBEES zone.
5:31 of 3rd period - Ryan Dzingel is hit by Radek Faksa.
6:38 of 3rd period - Shot by Josh Bailey.
6:38 of 3rd period - Shot Misses the Net.
6:51 of 3rd period - Icing by Cam Fowler.
6:52 of 3rd period - Ryan Dzingel wins face-off versus Cole Sillinger in KANSAS CITY KILLERBEES zone.
7:11 of 3rd period - Shot by Brendan Gallagher.
7:11 of 3rd period - Stopped by Casey DeSmith without a rebound.
7:12 of 3rd period - Noel Acciari wins face-off versus Yegor Sharangovich in KANSAS CITY KILLERBEES zone.
7:23 of 3rd period - Shot by Brendan Lemieux.
7:23 of 3rd period - Stopped by Casey DeSmith with a rebound.
8:00 of 3rd period - Icing by Brendan Gallagher.
8:01 of 3rd period - Cole Sillinger wins face-off versus Alexis Lafreniere in VANCOUVER VOODOO zone.
8:09 of 3rd period - Icing by Cole Sillinger.
8:10 of 3rd period - Buddy Robinson wins face-off versus Cole Sillinger in VANCOUVER VOODOO zone.
8:10 of 3rd period - Buddy Robinson is hit by Brett Kulak.
8:17 of 3rd period - Off-side.
8:18 of 3rd period - Marcus Johansson wins face-off versus Alexis Lafreniere in neutral zone.
8:29 of 3rd period - Shot by Alexis Lafreniere.
8:29 of 3rd period - Stopped by Samuel Montembeault without a rebound.
8:30 of 3rd period - Cole Sillinger wins face-off versus Mason Marchment in VANCOUVER VOODOO zone.
8:44 of 3rd period - Shot by Brendan Gallagher.
8:44 of 3rd period - Stopped by Casey DeSmith without a rebound.
8:45 of 3rd period - Marcus Johansson wins face-off versus Tyler Johnson in KANSAS CITY KILLERBEES zone.
9:00 of 3rd period - Shot by Zach Aston-Reese.
9:00 of 3rd period - Stopped by Samuel Montembeault with a rebound.
9:02 of 3rd period - Shot by Jacob Muzzin.
9:02 of 3rd period - Stopped by Samuel Montembeault without a rebound.
9:03 of 3rd period - Cole Sillinger wins face-off versus Yegor Sharangovich in VANCOUVER VOODOO zone.
9:34 of 3rd period - Icing by Sebastien Aho.
9:35 of 3rd period - Cole Sillinger wins face-off versus Alexis Lafreniere in VANCOUVER VOODOO zone.
9:43 of 3rd period - Josh Anderson is hit by Jakub Zboril and loses puck.
10:29 of 3rd period - Icing by Josh Bailey.
10:30 of 3rd period - Yegor Sharangovich wins face-off versus Marcus Johansson in VANCOUVER VOODOO zone.
11:21 of 3rd period - Off-side.
11:22 of 3rd period - Ryan Dzingel wins face-off versus Brendan Lemieux in neutral zone.
12:17 of 3rd period - Shot by Jake Lucchini.
12:17 of 3rd period - Goal by Jake Lucchini - KANSAS CITY KILLERBEES : 2 - VANCOUVER VOODOO : 4.
12:18 of 3rd period - Cole Sillinger wins face-off versus Tyler Johnson in neutral zone.
12:52 of 3rd period - Icing by Jacob Muzzin.
12:53 of 3rd period - Alexis Lafreniere wins face-off versus Marcus Johansson in KANSAS CITY KILLERBEES zone.
12:55 of 3rd period - Icing by Zach Aston-Reese.
12:56 of 3rd period - Marcus Johansson wins face-off versus Zach Aston-Reese in KANSAS CITY KILLERBEES zone.
13:05 of 3rd period - Shot by Marcus Johansson.
13:05 of 3rd period - Shot Misses the Net.
13:07 of 3rd period - Shot by Logan Stanley.
13:07 of 3rd period - Shot Misses the Net.
14:03 of 3rd period - Shot by Cole Sillinger.
14:03 of 3rd period - Stopped by Casey DeSmith without a rebound.
14:04 of 3rd period - Noel Acciari wins face-off versus Yegor Sharangovich in KANSAS CITY KILLERBEES zone.
15:14 of 3rd period - Ryan Dzingel is hit by Braden Schneider and loses puck.
15:17 of 3rd period - Shot by Anders Bjork.
15:17 of 3rd period - Stopped by Samuel Montembeault without a rebound.
15:18 of 3rd period - Buddy Robinson wins face-off versus Marcus Johansson in VANCOUVER VOODOO zone.
15:34 of 3rd period - Josh Bailey is hit by Cam Fowler and loses puck.
16:27 of 3rd period - Shot by Ryan Dzingel.
16:27 of 3rd period - Stopped by Samuel Montembeault without a rebound.
16:28 of 3rd period - Noel Acciari wins face-off versus Yegor Sharangovich in VANCOUVER VOODOO zone.
16:56 of 3rd period - Off-side.
16:57 of 3rd period - Brendan Gallagher wins face-off versus Alexis Lafreniere in neutral zone.
16:57 of 3rd period - Cole Sillinger is hit by Zach Aston-Reese and loses puck.
16:58 of 3rd period - Minor Penalty to Zach Aston-Reese for Roughing.
16:59 of 3rd period - Marcus Johansson wins face-off versus Mason Marchment in KANSAS CITY KILLERBEES zone.
17:16 of 3rd period - Jacob Muzzin is hit by Dominik Kubalik and loses puck.
18:07 of 3rd period - Icing by Matthew Grzelcyk.
18:08 of 3rd period - Cole Sillinger wins face-off versus James van Riemsdyk in VANCOUVER VOODOO zone.
18:32 of 3rd period - Off-side.
18:33 of 3rd period - Mason Marchment wins face-off versus Marcus Johansson in neutral zone.
18:44 of 3rd period - Icing by Mike Reilly.
18:45 of 3rd period - Marcus Johansson wins face-off versus James van Riemsdyk in VANCOUVER VOODOO zone.
19:40 of 3rd period - Icing by Cam Fowler.
19:41 of 3rd period - Cole Sillinger wins face-off versus Zach Aston-Reese in KANSAS CITY KILLERBEES zone.
Goals for this period are 2 for KANSAS CITY KILLERBEES vs 1 for VANCOUVER VOODOO.
Shots for this period are 9 for KANSAS CITY KILLERBEES vs 7 for VANCOUVER VOODOO.


DARCY
KUEMPER
JAKE
OETTINGER
NINO
NIEDERREITER

EAST COAST

HOCKEY LEAGUE

  • 1.CHI2QUE4
  • 2.LIM2CHA3
  • 3.LON3TRV5
  • 4.BAL5CHW6
  • 5.MANPIT
  • 6.NHWATL
  • 7.PETWOR
  • 8.RHI